 Dungeon Crawl Stone Soup version 0.29-a0-925-g0a7a3d12f8 (webtiles) character file.

Game seed: 658128253017377395

82855 mainiacjoe the Grappler (level 15, -18/150 HPs)
             Began as a Troll Gladiator on July 28, 2022.
             Was the Champion of Okawaru.
             Demolished by a spriggan defender simulacrum (31 damage)
             ... in an ice cave on July 29, 2022.
             The game lasted 01:30:44 (24262 turns).

mainiacjoe the Grappler (Troll Gladiator)          Turns: 24262, Time: 01:30:46

Health: -18/150    AC: 15    Str: 21    XL:     15   Next: 30%
Magic:  23/23      EV: 16    Int: 17    God:    Okawaru [******]
Gold:   115        SH: 13    Dex: 22    Spells: 14/14 levels left

rFire   + + .      SeeInvis .     - Unarmed
rCold   x . .      Faith    .   i - +1 kite shield
rNeg    + . .      Spirit   .   n - +3 fire dragon scales of Mysticism {rF++ rC- Will+++ Dex+5 Stlth-}
rPois   .          Reflect  .   f - +2 hat of Xalelal {Int+3}
rElec   +          Harm     .   g - scarf {shadows}
rCorr   .          Rampage  .   (gloves unavailable)
Will    ++++.                   (boots unavailable)
Stlth   ..........              V - amulet of the acrobat
HPRegen 1.15/turn               k - +4 ring of evasion {=R}
MPRegen 0.18/turn               d - ring of Joy {rElec rN+ Str-5 Int+10 Slay+4}

@: studying 2 skills
A: large, unfitting armour, claws 3, regeneration 1, shaggy fur 1, tough skin 1
a: Renounce Religion, Heroism, Finesse, Duel


You were in an ice cave.
You worshipped Okawaru.
Okawaru was exalted by your worship.
You visited 4 branches of the dungeon, and saw 22 of its levels.
You also visited: Gauntlet, Ice Cave and Volcano.

You collected 1637 gold pieces.
You spent 1522 gold pieces at shops.

Inventory:

Hand Weapons
 O - the +9 lance "Wyrmbane" {slay drac, rPois rF+ rC+ AC+3}
   (You took it off Maggie on level 10 of the Dungeon)

   It inflicts extra damage against dragons and draconians.
   AC:        It affects your AC (+3).
   rF:        It protects you from fire.
   rC:        It protects you from cold.
   rPois:     It protects you from poison.
Missiles
 c - 3 throwing nets {=F}
 o - 4 datura-tipped darts {=F}
 x - 12 javelins
 y - 21 large rocks (quivered) {=F}
 B - 2 boomerangs of dispersal {=F}
 H - 16 poisoned darts
 I - a curare-tipped dart {=F}
 S - 3 silver boomerangs
 U - 16 stones
Armour
 f - the +2 hat of Xalelal (worn) {Int+3}
   (You acquired it on level 4 of the Dungeon)

   Int:       It affects your intelligence (+3).
 g - a scarf of shadows (worn)
 i - a +1 kite shield (worn)
 n - the +3 fire dragon scales of Mysticism (worn) {rF++ rC- Will+++ Dex+5 Stlth-}
   (Okawaru gifted it to you on level 3 of the Lair of Beasts)

   Dex:       It affects your dexterity (+5).
   rF:        It greatly protects you from fire.
   rC:        It makes you vulnerable to cold.
   Will:      It greatly increases your willpower.
   Stlth:     It makes you less stealthy.
Jewellery
 d - the ring of Joy (right claw) {rElec rN+ Str-5 Int+10 Slay+4}
   (You found it on level 5 of the Lair of Beasts)

   [ring of slaying]

   Str:       It affects your strength (-5).
   Int:       It affects your intelligence (+10).
   Slay:      It affects your accuracy & damage with ranged weapons and melee
   (+4).
   rElec:     It insulates you from electricity.
   rN:        It protects you from negative energy.
 k - a +4 ring of evasion (left claw) {=R}
 V - an amulet of the acrobat (around neck)
Wands
 q - a wand of polymorph (6)
 L - a wand of flame (24)
Scrolls
 e - 3 scrolls of vulnerability
 h - 3 scrolls of immolation
 r - a scroll of silence
 s - 5 scrolls of blinking
 v - 5 scrolls of poison
 K - a scroll of fear
 R - 5 scrolls of magic mapping
 T - 2 scrolls of teleportation
Potions
 a - 3 potions of invisibility
 j - 4 potions of attraction
 l - 4 potions of cancellation
 m - a potion of ambrosia
 p - 7 potions of heal wounds
 u - a potion of berserk rage
 w - 2 potions of flight
 z - 5 potions of curing
 A - a potion of lignification
 C - a potion of brilliance
 E - 2 potions of resistance
 G - 2 potions of might
 N - 4 potions of haste
Miscellaneous
 t - a tin of tremorstones (inert)
 J - a condenser vane (inert)


   Skills:
 + Level 10.3 Fighting
 - Level 12.0 Throwing
 - Level 10.0 Dodging
 - Level 10.0 Shields
 + Level 12.4 Unarmed Combat
 - Level 12.0 Invocations
 - Level 2.0 Evocations


You had 14 spell levels left.
You didn't know any spells.
Your spell library contained the following spells:

 Spells                   Type           Power      Damage    Failure   Level
 Apportation              Tloc           0%         N/A       85%         1
 Magic Dart               Conj           0%         1d3       85%         1
 Necrotise                Necr           0%         1d4       85%         1
 Sandblast                Erth           0%         2d4       85%         1
 Ensorcelled Hibernation  Hex/Ice        0%         N/A       94%         2
 Passwall                 Tmut/Erth      0%         N/A       94%         2
 Scorch                   Fire           0%         2d5       94%         2
 Searing Ray              Conj           0%         2d4       94%         2
 Conjure Flame            Conj/Fire      0%         6-21      99%         3
 Ignite Poison            Fire/Tmut/Pois 0%         N/A       99%         3
 Spider Form              Tmut/Pois      0%         N/A       99%         3
 Stone Arrow              Conj/Erth      0%         3d7       99%         3
 Anguish                  Hex/Necr       0%         N/A       100%        4
 Flame Wave               Conj/Fire      0%         2d4       100%        4
 Fulminant Prism          Conj/Hex       0%         3d6       100%        4
 Iskenderun's Mystic Bla  Conj/Tloc      0%         2d3       100%        4
 Leda's Liquefaction      Hex/Erth       0%         N/A       100%        4
 Sticky Flame             Conj/Fire      0%         2d3       100%        4
 Borgnjor's Vile Clutch   Necr/Erth      0%         N/A       100%        5
 Lee's Rapid Deconstruct  Erth           0%         3d5*      100%        5
 Statue Form              Tmut/Erth      0%         N/A       100%        6
 Summon Small Mammal      Summ           Unusable   N/A       N/A         1
 Animate Dead             Necr           Unusable   N/A       N/A         4
 Death Channel            Necr           Unusable   N/A       N/A         6
 Summon Cactus Giant      Summ           Unusable   N/A       N/A         6

Dungeon Overview and Level Annotations

Branches:
Dungeon (14/15)            Temple (1/1) D:6            Lair (5/5) D:9
  Swamp (0/4) Lair:3       Spider (0/4) Lair:2        Slime (0/5) Lair:4
    Orc (2/2) D:9             Elf (0/3) Orc:2         IceCv (1/1)
Volcano (visited)         Gauntlet (visited)
 Vaults: D:13-14

Altars:
Ashenzari
Cheibriados
Dithmenos
Elyvilon
Fedhas
Gozag
Hepliaklqana
Kikubaaqudgha
Makhleb
Nemelex Xobeh
Okawaru
Qazlal
Ru
Sif Muna
Trog
Uskayaw
Vehumet
Wu Jian
Xom
Yredelemnul
Zin
The Shining One
Jiyva

Shops:
D:4 *((   D:8 *   D:13 [[*:=   D:14 (   Orc:2 *!(*

Annotations:
D:14 1 exclusion


Innate Abilities, Weirdness & Mutations

You are too large for most types of armour.
You have claws for hands.
Your natural rate of healing is unusually fast.
You are covered in fur. (AC +1)
You have tough skin. (AC +1)


Message History

The burst of rock shards engulfs the harpy simulacrum!!
The harpy simulacrum vaporises!
Okawaru accepts your kill.
The burst of rock shards engulfs the spriggan defender simulacrum!!
The burst of rock shards engulfs the dire elephant simulacrum!
The burst of rock shards engulfs the minotaur simulacrum!
The burst of rock shards engulfs the spriggan defender simulacrum!!
The spriggan defender simulacrum closely misses you.
An alligator simulacrum comes into view.
The spriggan defender simulacrum closely misses you.
The tremorstone explodes into fragments!
The burst of rock shards engulfs the minotaur simulacrum!
The burst of rock shards engulfs the minotaur simulacrum!!
The burst of rock shards engulfs the alligator simulacrum!!
The burst of rock shards engulfs the spriggan defender simulacrum!
The burst of rock shards engulfs the dire elephant simulacrum but does no damage.
The tin is emptied!
The spriggan defender simulacrum barely misses you.
The spriggan defender simulacrum misses you.
The spriggan defender simulacrum hits you.
The spriggan defender simulacrum freezes you!!
You feel a terrible chill!
You mangle the spriggan defender simulacrum!!
The spriggan defender simulacrum vaporises!
Okawaru accepts your kill.
The spriggan defender simulacrum hits you but does no damage.
Unknown command.
Clouds of noxious fumes condense around you!
The condenser dries out!
The spriggan defender simulacrum completely misses you.
You block the spriggan defender simulacrum's attack.
The spriggan defender simulacrum hits you!
The spriggan defender simulacrum freezes you!!!
You feel a terrible chill!
* * * LOW HITPOINT WARNING * * *
The spriggan defender simulacrum hits you!
* * * LOW HITPOINT WARNING * * *
The spriggan defender simulacrum freezes you!!
You feel a terrible chill!
You die...

#...∩...#
##.....##
##...##
##...#
#...##
#...##
##...##
##...#
##@§#
#ZZ##
#ZZ##
#§Z# ☼Z§.
.§§§.
.......
........


You could see an alligator simulacrum, a dire elephant simulacrum, 2 spriggan
defender simulacra and 2 minotaur simulacra.

Vanquished Creatures
  Jorgrun (D:12)
  The ghost of iguanaiguana the Severer, a journeyman MeFi of Jiyva (Lair:5)
  A very ugly thing (D:14)
  A minotaur (Gauntlet)
  The ghost of Sobieck the Eclecticist, a journeyman DjFE of Makhleb (Lair:4)
  Snorg (Lair:4)
  A fire dragon (Lair:5)
  5 hydras
  2 ogre magi
  13 two-headed ogres
  A catoblepas (Gauntlet)
  3 centaur warriors
  3 death yaks
  2 tengu warriors (D:11)
  9 orc high priests (Orc:2)
  A hell knight (Volcano)
  Nergalle (Lair:3)
  Amaemon (D:9)
  A spriggan simulacrum (IceCv)
  A lindwurm (Lair:5)
  A bog body (Lair:3)
  A harpy (shapeshifter) (D:13)
  A wolf spider (Lair:2)
  An orc sorcerer (Orc:1)
  A manticore (D:12)
  10 ugly things
  4 cyclopes
  5 elephants (Lair:2)
  A torpor snail (Lair:4)
  2 guardian serpents
  2 molten gargoyles (Lair:5)
  An orange demon (D:9)
  8 cane toads
  2 gargoyles
  9 black mambas
  3 kobold demonologists
  Maggie (D:10)
  18 komodo dragons
  A rime drake (Lair:3)
  An unseen horror (D:11)
  2 meliai (Lair:5)
  7 trolls
  A polar bear (Lair:3)
  A queen bee (Lair:5)
  4 hornets
  A raiju (shapeshifter) (D:13)
  14 blink frogs (Lair:3)
  A queen bee (shapeshifter) (D:13)
  17 dream sheep
  5 basilisks
  4 wyverns
  A dire elephant simulacrum (IceCv)
  A wraith (D:13)
  26 yaks
  6 steam dragons
  12 vampire mosquitoes
  3 harpy simulacra (IceCv)
  A redback (Lair:2)
  7 wargs (Orc:2)
  2 acid dragons
  4 hell hounds (Lair:5)
  3 swamp worms (Lair:3)
  9 water moccasins
  13 orc warriors
  2 sky beasts
  4 ice beasts
  7 ogres
  An alligator simulacrum (IceCv)
  17 wolves
  13 centaurs
  3 gnoll sergeants
  5 kobold brigands
  6 bullfrogs
  2 scorpions
  15 wights
  19 killer bees
  2 howler monkeys (D:11)
  2 electric eels
  5 lava snakes (Lair:5)
  38 orc priests
  2 hounds (D:5)
  An iguana (D:5)
  Jessica (D:2)
  A hell rat (D:9)
  18 orc wizards
  20 gnolls
  3 adders
  3 river rats
  3 shadow imps (D:6)
  3 white imps
  3 ufetubi
  2 dart slugs
  76 orcs
  4 endoplasms
  2 giant cockroaches
  A goblin (D:1)
  11 hobgoblins
  7 jackals (D:4)
  5 quokkas
  5 ball pythons
  4 bats
  A frilled lizard (D:2)
  26 kobolds
  8 rats
619 creatures vanquished.

Vanquished Creatures (collateral kills)
  2 yaks (Lair:5)
2 creatures vanquished.

Vanquished Creatures (others)
  A basilisk (Lair:5)
  12 fungi
  22 plants
35 creatures vanquished.

Grand Total: 656 creatures vanquished

Notes
Turn   | Place    | Note
-------+----------+-------------------------------------------
     0 | D:1      | mainiacjoe the Troll Gladiator began the quest for the Orb.
     0 | D:1      | Reached XP level 1. HP: 19/19 MP: 0/0
   357 | D:1      | Reached XP level 2. HP: 28/28 MP: 1/1
  1035 | D:2      | Reached XP level 3. HP: 35/35 MP: 2/2
  1063 | D:2      | Noticed Jessica
  1072 | D:2      | Killed Jessica
  1146 | D:2      | Reached XP level 4. HP: 42/42 MP: 3/3
  1304 | D:2      | Found a faded altar of an unknown god.
  1653 | D:3      | Reached XP level 5. HP: 20/50 MP: 4/4
  2326 | D:4      | Noticed a water moccasin
  2344 | D:4      | Killed a water moccasin
  2345 | D:4      | Reached skill level 5 in Unarmed Combat
  2345 | D:4      | Reached XP level 6. HP: 15/61 MP: 5/5
  2407 | D:4      | Identified a scroll of acquirement
  2408 | D:4      | Acquired the +2 hat of Xalelal {Int+3}
  2522 | D:4      | Found Jeor Tea's Assorted Antiques.
  2525 | D:4      | Bought a scroll labelled COKHOL QELU for 21 gold pieces
  2525 | D:4      | Bought a scroll labelled ISKENU LATSASI for 21 gold pieces
  2525 | D:4      | Bought a fizzy blue potion for 18 gold pieces
  2525 | D:4      | Bought a scroll labelled SILIMM PUSOF for 21 gold pieces
  2705 | D:4      | Found Ixuq's Antique Weapon Shop.
  2797 | D:4      | Found Wips's Antique Weapon Shoppe.
  3332 | D:5      | Entered Level 5 of the Dungeon
  3339 | D:5      | Noticed an ice beast
  3346 | D:5      | Killed an ice beast
  3347 | D:5      | Reached XP level 7. HP: 51/67 MP: 6/6
  3509 | D:5      | Found a sacrificial altar of Ru.
  3589 | D:5      | Found a radiant altar of Vehumet.
  3757 | D:5      | Found an iron altar of Okawaru.
  4194 | D:5      | Became a worshipper of Warmaster Okawaru
  4209 | D:6      | Noticed a kobold demonologist
  4215 | D:6      | Found a transporter.
  4305 | D:6      | Reached XP level 8. HP: 57/77 MP: 7/7
  4467 | D:6      | Reached skill level 5 in Dodging
  4613 | D:6      | Found a staircase to the Ecumenical Temple.
  4682 | D:6      | Reached * piety under Okawaru
  4760 | D:6      | Reached skill level 1 in Invocations
  4878 | D:6      | Noticed a kobold demonologist
  4934 | D:6      | Reached skill level 5 in Fighting
  5205 | D:6      | Found a transporter.
  5341 | Temple   | Entered the Ecumenical Temple
  5520 | D:7      | Found a broken altar of Ashenzari.
  5625 | D:7      | Reached skill level 1 in Shields
  5625 | D:7      | Reached XP level 9. HP: 88/88 MP: 9/9
  5856 | D:7      | Reached ** piety under Okawaru
  6371 | D:8      | Found Vedghuke's Mayhem Merchandise.
  6478 | D:8      | Found an ancient bone altar of Kikubaaqudgha.
  6597 | D:8      | Acquired a manual of Throwing
  7508 | D:9      | Noticed a death yak
  7568 | D:9      | Found a staircase to the Orcish Mines.
  7575 | D:9      | Noticed an orange demon
  7577 | D:9      | Noticed Amaemon
  7587 | D:9      | Killed Amaemon
  7587 | D:9      | Reached *** piety under Okawaru
  7588 | D:9      | Reached skill level 10 in Unarmed Combat
  7590 | D:9      | Killed an orange demon
  7591 | D:9      | Reached skill level 5 in Shields
  7810 | D:9      | Found a shimmering blue altar of Sif Muna.
  7882 | D:9      | Reached XP level 10. HP: 96/96 MP: 11/11
  7989 | D:9      | Paralysed by a hornet for 3 turns
  7996 | D:9      | Paralysed by a hornet for 1 turns
  8130 | D:9      | Reached **** piety under Okawaru
  8413 | D:9      | Noticed a two-headed ogre
  8413 | D:9      | Noticed a death yak
  8417 | D:9      | Noticed a death yak
  8432 | D:9      | Found a staircase to the Lair.
  8442 | D:8      | Killed a death yak
  8480 | D:9      | Reached skill level 5 in Throwing
  8519 | D:9      | Found a shadowy altar of Dithmenos.
  8520 | D:9      | Found a hazy altar of Hepliaklqana.
  8588 | D:9      | Killed a death yak
  8588 | D:9      | Received a gift from Okawaru
  8593 | D:9      | Killed a death yak
  8593 | D:9      | Reached ***** piety under Okawaru
  8675 | D:9      | Identified the +8 quarterstaff of the Valley of Death
                  | {holy, rF+ Dex+2}
  8697 | D:9      | Killed a two-headed ogre
  8697 | D:9      | Received a gift from Okawaru
  8698 | D:9      | Reached XP level 11. HP: 85/107 MP: 12/12
  9440 | Lair:1   | Entered Level 1 of the Lair of Beasts
 10403 | Lair:2   | Received a gift from Okawaru
 10428 | Lair:2   | Received a gift from Okawaru
 10435 | Lair:2   | Reached ****** piety under Okawaru
 10852 | Lair:2   | Noticed a wolf spider
 10867 | Lair:2   | Killed a wolf spider
 10868 | Lair:2   | Reached skill level 10 in Throwing
 10944 | Lair:2   | Found a hole to the Spider Nest.
 11578 | Lair:3   | Identified the +3 fire dragon scales of Mysticism {rF++ rC-
                  | Will+++ Dex+5 Stlth-} (Okawaru gifted it to you on level 3
                  | of the Lair of Beasts)
 11578 | Lair:3   | Received a gift from Okawaru
 11587 | Lair:3   | Reached XP level 12. HP: 66/119 MP: 11/13
 11723 | Lair:3   | Reached skill level 1 in Evocations
 12325 | Lair:3   | Noticed Nergalle
 12334 | Lair:3   | Killed Nergalle
 12335 | Lair:3   | Reached skill level 5 in Invocations
 12930 | Lair:3   | Found a staircase to the Swamp.
 13070 | Lair:4   | Noticed a four-headed hydra
 13084 | Lair:4   | Killed a four-headed hydra
 13342 | Lair:4   | Noticed a seven-headed hydra
 13345 | Lair:4   | Killed a seven-headed hydra
 13371 | Lair:4   | Noticed an eight-headed hydra
 13375 | Lair:4   | Killed an eight-headed hydra
 13387 | Lair:4   | Found a staircase to the Slime Pits.
 13389 | Lair:4   | Found a viscous altar of Jiyva.
 13443 | Lair:4   | Received a gift from Okawaru
 13499 | Lair:4   | Reached XP level 13. HP: 127/127 MP: 19/19
 13538 | Lair:4   | Noticed Snorg
 13657 | Lair:4   | Reached skill level 10 in Invocations
 13692 | Lair:4   | Found a runed translucent door.
 13694 | Lair:4   | Noticed Sobieck's ghost (journeyman DjFE)
 13779 | Lair:4   | Killed Snorg
 14811 | Lair:5   | Entered Level 5 of the Lair of Beasts
 14840 | Lair:5   | Found a gate leading to a gauntlet.
 14849 | Gauntlet | Entered a Gauntlet
 14849 | Gauntlet | Found a transporter.
 14854 | Gauntlet | Found a transporter.
 14870 | Gauntlet | Found a transporter.
 14873 | Gauntlet | Found a transporter.
 14886 | Gauntlet | Found a transporter.
 14888 | Gauntlet | Found a transporter.
 14906 | Gauntlet | Found a transporter.
 14913 | Gauntlet | Noticed a blizzard demon
 14915 | Gauntlet | Found a transporter.
 14919 | Gauntlet | Found a transporter.
 14922 | Gauntlet | Found a transporter.
 14931 | Gauntlet | Found a transporter.
 14933 | Gauntlet | Found a transporter.
 15212 | Gauntlet | Identified the ring of Keleugyl {Str+4 Dex+6}
 15228 | Gauntlet | Noticed a minotaur
 15236 | Gauntlet | Killed a minotaur
 15372 | Lair:5   | Found a dark tunnel.
 15382 | Volcano  | Entered a volcano
 15430 | Volcano  | Found a radiant altar of Vehumet.
 15681 | Lair:5   | Identified the +2 robe of Biuzoh {rCorr Int+3} (Okawaru
                  | gifted it to you on level 5 of the Lair of Beasts)
 15681 | Lair:5   | Received a gift from Okawaru
 15727 | Lair:5   | Found a transporter.
 15740 | Lair:5   | Found a transporter.
 16206 | Lair:5   | Noticed a fire dragon
 16283 | Lair:5   | Found a large runed translucent door.
 16284 | Lair:5   | Found a large runed translucent door.
 16614 | Lair:5   | Killed a fire dragon
 16615 | Lair:5   | Reached XP level 14. HP: 128/140 MP: 13/20
 16673 | Lair:5   | Identified the ring of Joy {rElec rN+ Str-5 Int+10 Slay+4}
 16911 | Lair:4   | Killed Sobieck's ghost
 16913 | Lair:4   | Identified the +3 pair of gloves "Cauwew" {+Inv rF- Dex+3
                  | SInv}
 16981 | Lair:5   | Noticed iguanaiguana's ghost (journeyman MeFi)
 17035 | Lair:5   | Killed iguanaiguana's ghost
 17424 | D:4      | Bought a potion of heal wounds for 105 gold pieces
 17582 | D:10     | Entered Level 10 of the Dungeon
 17657 | D:10     | Identified the +2 lajatang of Ynkuam Dauv {vorpal, *Rage
                  | Fly rF+ Dex+2} (Okawaru gifted it to you on level 10 of the
                  | Dungeon)
 17657 | D:10     | Received a gift from Okawaru
 17920 | D:10     | Found a blossoming altar of Fedhas.
 17929 | D:10     | Found an opulent altar of Gozag.
 18005 | D:10     | Noticed Maggie
 18015 | D:10     | Killed Maggie
 19672 | D:12     | Reached skill level 10 in Shields
 19755 | D:12     | Noticed Jorgrun
 19773 | D:12     | Killed Jorgrun
 19952 | D:12     | Reached skill level 10 in Fighting
 20182 | Orc:1    | Entered Level 1 of the Orcish Mines
 20193 | Orc:1    | Reached skill level 10 in Dodging
 20593 | Orc:2    | Entered Level 2 of the Orcish Mines
 20781 | Orc:2    | Identified the -2 cloak "Luko" {+Inv rPois rF++ Int+2}
                  | (Okawaru gifted it to you on level 2 of the Orcish Mines)
 20781 | Orc:2    | Received a gift from Okawaru
 20974 | Orc:2    | Found a staircase to the Elven Halls.
 21101 | Orc:2    | Found Limnot's Distillery.
 21128 | Orc:2    | Found Iputesm's General Store.
 21507 | Orc:2    | Found Zagat's General Store.
 21507 | Orc:2    | Found Xurasiqit's Antique Weapon Emporium.
 21513 | Orc:2    | Bought a scroll of blinking for 127 gold pieces
 21513 | Orc:2    | Bought a scroll of teleportation for 51 gold pieces
 22217 | D:13     | Found Puodom's Armour Shop.
 22252 | D:13     | Found Duphiag's General Store.
 22257 | D:13     | Bought a potion of curing for 48 gold pieces
 22257 | D:13     | Bought a scroll of blinking for 120 gold pieces
 22414 | Orc:2    | Bought a potion of heal wounds for 70 gold pieces
 22414 | Orc:2    | Bought a potion of berserk rage for 70 gold pieces
 22414 | Orc:2    | Bought a potion of haste for 140 gold pieces
 22414 | Orc:2    | Bought a potion of haste for 140 gold pieces
 22595 | D:13     | Found Mataegy's Book Shoppe.
 22820 | D:13     | Reached XP level 15. HP: 114/149 MP: 22/22
 23189 | D:13     | Found Cokeny's Jewellery Emporium.
 23192 | D:13     | Bought an amulet of the acrobat for 570 gold pieces
 23365 | D:13     | Received a gift from Okawaru
 23516 | D:13     | Found Lakhoakk's Antique Armour Shop.
 23848 | D:14     | Found Neitoonk's Antique Weapon Boutique.
 24093 | D:14     | Found a frozen archway.
 24126 | IceCv    | Entered an ice cave
 24262 | IceCv    | Demolished by a spriggan defender simulacrum

Illustrated notes

Levels and vault maps discovered:
D:1:      giann_bridges, layout_loops_corners, serial_aquarium,
          aquarium_bridge_square [aquarium_subvault_balcony,
          aquarium_subvault_bridge, aquarium_subvault_bridge,
          aquarium_subvault_window], aquarium_window_1, aquarium_window_2,
          aquarium_window_2, aquarium_window_corner, aquarium_view_2d,
          minmay_misc_feat_nine_boxes
D:2:      layout_basic, shapermc_ecumenical_altar_mp_vishouse,
          serial_park_tiny_2, glass_columns_c, uniq_jessica
D:3:      layout_loops_ring
D:4:      layout_basic, serial_shops, nicolae_shop_hallway_plus,
          nicolae_shop_statue_plus, kennysheep_mini, minmay_manual_mares
D:5:      layout_basic, mainiacjoe_overflow_concentric_impassable,
          okawaru_ov_weapons_minmay, fiery_altar_vehumet, dk_vineyard_3
D:6:      gammafunk_wand_slinger, layout_loops_corners, temple_pool_b
D:7:      layout_basic, nicolae_ashenzari_panopticon
D:8:      layout_cave_pools, nicolae_overflow_crystal_walls,
          serial_co_window_serial, co_window_cross_1, co_window_corner_a,
          co_window_paths_b, co_window_paths_a, co_window_corner_a,
          co_window_unsneaky_path_d, co_window_broadway_b, co_window_broadway_b,
          co_window_corner_cb, co_window_corner_b, glass_columns_c,
          glass_columns_b, glass_columns_a, glass_columns_a, glass_columns_c,
          minmay_stone_trees_small, minmay_shop_mayhem,
          nicolae_underground_beach
D:9:      wad_river_or_something, layout_layer_cave,
          riverfiend_overflow_shadow_ancestor, lemuel_doored_altar,
          dpeg_lair_monsters, uniq_amaemon
D:10:     layout_gridville, mainiacjoe_overflow_swirl, grunt_ministairs_10,
          minmay_misc_feat_four_crosses, uniq_maggie
D:11:     layout_roguey
D:12:     layout_irregular_city, uniq_jorgrun
D:13:     nrook_guardian_serpent_snake_passage, layout_layer_cave, serial_shops,
          nicolae_square_shop, shop, kennysheep_mini_moat,
          nicolae_shop_advertising_works [nicolae_subvault_shop_adworks],
          nicolae_shop_behind_doors
D:14:     layout_loops_ring, david_vaults_2,
          hangedman_abyss_or_decor_lesser_grid, serial_shops,
          nicolae_shop_statue_plus, portal_ice_cave_entry_ugly_swarm,
          chequers_serial_rivers_small_3, minmay_fountain_box
Temple:   nicolae_temple_godzebo
Lair:1:   layout_misc_corridors, serial_bayou_pond_a, minivault_19
Lair:2:   layout_hall_layers, spider_nest_entry_funnel_web, grunt_megastairs_1,
          infiniplex_staircase_pool_2
Lair:3:   layout_cave_pods, nicolae_swamp_entry_splash_gauntlet,
          grunt_megastairs_5, lemuel_fruit_tree, uniq_nergalle
Lair:4:   layout_gridlike, slime_entry_1, ebering_ghost_inner_flame, uniq_snorg
Lair:5:   cheibrodos_lair_end_hotspot, layout_loops_ring, gammafunk_ghost_hive,
          gauntlet_entry_generic, enter_volcano_4, serial_bayou_pond_c
Orc:1:    layout_caves
Orc:2:    st_orc_town, layout_diamond_mine
IceCv:    ice_cave_small_necro

Skill      XL: |  1  2  3  4  5  6  7  8  9 10 11 12 13 14 15 |
---------------+----------------------------------------------+-----
Fighting       | 2 3 4 5 6 7 8 9 10 | 10.3
Unarmed Combat | 4 5 6 7 8 10 12 | 12.4
Dodging        | 3 4 5 6 7 8 10 | 10.0
Invocations    | 2 3 9 10 11 12 | 12.0
Shields        | 1 5 6 8 9 10 | 10.0
Throwing       | 2 7 10 11 12 | 12.0
Evocations     | 2 |  2.0

Action                   |  1- 3 |  4- 6 |  7- 9 | 10-12 | 13-15 || total
-------------------------+-------+-------+-------+-------+-------++-------
Melee: Unarmed           |    54 |   111 |   235 |   514 |  1059 ||  1973
       Punch             |       |     2 |     7 |       |       ||     9
 Fire: Shortbow          |       |    15 |    32 |       |       ||    47
Throw: Stone             |    12 |     1 |     7 |    20 |    70 ||   110
       Large rock        |     1 |     3 |     6 |    14 |    11 ||    35
       Boomerang         |       |    27 |    10 |     1 |       ||    38
       Dart              |       |       |    64 |   161 |   220 ||   445
       Javelin           |       |       |       |    10 |    64 ||    74
Invok: Heroism           |       |       |     1 |    13 |    16 ||    30
       Finesse           |       |       |       |       |     9 ||     9
Evoke: Condenser vane    |       |       |       |     1 |     2 ||     3
       Wand              |       |       |       |       |    10 ||    10
       Tin of tremorston |       |       |       |       |     3 ||     3
  Use: Scroll            |     1 |    10 |     7 |     7 |     6 ||    31
       Potion            |       |     1 |     3 |     4 |     2 ||    10
 Stab: Sleeping          |       |       |       |     1 |       ||     1
       Confused          |       |       |       |     1 |       ||     1
       Distracted        |       |       |       |       |     1 ||     1
Armor: Robe              |    19 |    19 |    33 |       |       ||    71
       Steam dragon scal |       |       |    20 |    59 |       ||    79
       Fire dragon scale |       |       |       |    26 |   297 ||   323
       Skin              |       |       |       |     1 |       ||     1
Dodge: Dodged            |    25 |    91 |   158 |   277 |   635 ||  1186
Block: Kite shield       |       |       |    55 |   270 |   733 ||  1058

Table legend: (Time is in decaauts)
 A = Elapsed time spent in this place.
 B = Non-inter-level travel time spent in this place.
 C = Inter-level travel time spent in this place.
 D = Time resting spent in this place.
 E = Time spent auto-exploring this place.
 F = Levels seen in this place.
 G = Mean time per level.
                   A        B        C        D        E       F      G
               +--------+--------+--------+--------+--------+-----+--------+
         Total |  23964 |  21739 |   2225 |    927 |  16025 |  25 |  958.6 |
       Dungeon |  14723 |  13236 |   1487 |    333 |  10499 |  14 | 1051.6 |
        Temple |    127 |     93 |     34 |      0 |     86 |   1 |  127.0 |
          Lair |   6710 |   6134 |    576 |    419 |   4302 |   5 | 1342.0 |
  Orcish Mines |   1710 |   1584 |    126 |     73 |   1004 |   2 |  855.0 |
      Ice Cave |    134 |    134 |      0 |    102 |     13 |   1 |  134.0 |
       Volcano |    159 |    159 |      0 |      0 |      0 |   1 |  159.0 |
      Gauntlet |    398 |    398 |      0 |      0 |    121 |   1 |  398.0 |
               +--------+--------+--------+--------+--------+-----+--------+

Top non-repeatable levels by time:
     D:9: 2039 daAuts
  Lair:3: 1619 daAuts
     D:6: 1573 daAuts
  Lair:5: 1519 daAuts
    D:13: 1492 daAuts
  Lair:2: 1449 daAuts
  Lair:4: 1392 daAuts
   Orc:2: 1270 daAuts
     D:8: 1249 daAuts
     D:4: 1138 daAuts
    D:12: 1079 daAuts
    D:11: 1004 daAuts
     D:1: 964 daAuts
     D:7: 945 daAuts
     D:5: 841 daAuts
